 Dungeon Crawl Stone Soup version 0.31.0-12-g77e489cdc1 (webtiles) character file.

Game seed: 13617888204093753453

10954 Gadfly the Holy Warrior (level 11, -4/68 HPs)
             Began as a Gargoyle Fighter on Mar 3, 2024.
             Was a Priest of the Shining One.
             Slain by a boulder beetle (15 damage)
             ... on level 11 of the Dungeon.
             The game lasted 00:18:19 (10537 turns).

Gadfly the Holy Warrior (Gargoyle Fighter)         Turns: 10537, Time: 00:18:20

Health: -4/68      AC: 35    Str: 22    XL:     11   Next: 70%
Magic:  17/17      EV:  5    Int:  9    God:    the Shining One [***...]
Gold:   441        SH: 11    Dex: 17    Spells: 5/10 levels left

rFire   . . .        a - +3 flail (protect)
rCold   + . .        q - +0 kite shield
rNeg    + + .        e - +0 plate armour
rPois   ∞            (no helmet)
rElec   +            d - +2 cloak
rCorr   .            g - +1 pair of gloves
SInv    .            F - +0 pair of boots
Will    .....        p - amulet of faith Stlth
                     k - +6 ring of dexterity
HPRegen 0.31/turn    A - ring of protection from cold
MPRegen 0.15/turn

%: faith
@: under a protective aura, glowing
A: sickness immunity, AC +8, negative energy resistance 1, electricity
resistance, torment resistance 1, petrification resistance
a: Renounce Religion, Divine Shield, Cleansing Flame


You were on level 11 of the Dungeon.
You worshipped the Shining One.
The Shining One was most pleased with you.
You visited 2 branches of the dungeon, and saw 12 of its levels.

You collected 921 gold pieces.
You spent 480 gold pieces at shops.

Inventory:

Hand Weapons
 a - a +3 flail of protection (weapon)
 b - a +1 dagger of venom
 h - a +1 flail of protection
 u - a +0 morningstar
 y - a +1 scimitar of flaming
Armour
 d - a +2 cloak (worn)
 e - a +0 plate armour (worn)
 g - a +1 pair of gloves (worn)
 q - a +0 kite shield (worn)
 w - +0 acid dragon scales
 F - a +0 pair of boots (worn)
Jewellery
 k - a +6 ring of dexterity (left hand)
 p - an amulet of faith (around neck)
 A - a ring of protection from cold (right hand)
 D - a ring of ice
Wands
 o - a wand of flame (13) (quivered)
 v - a wand of polymorph (6)
 B - a wand of iceblast (5)
 C - a wand of digging (7)
Scrolls
 m - 5 scrolls of teleportation
 t - a scroll of fear
 x - a scroll of blinking
 E - a scroll of vulnerability
 G - a scroll of fog
Potions
 c - 3 potions of might
 f - a potion of enlightenment
 i - 3 potions of curing
 j - 2 potions of heal wounds
 l - a potion of resistance
 n - 2 potions of lignification
 r - 2 potions of haste
 s - 2 potions of attraction
 z - a potion of mutation {unknown}


   Skills:
 + Level 7.8 Fighting
 * Level 9.1 Maces & Flails
 + Level 7.6 Armour
 + Level 7.6 Shields
 + Level 9.1 Invocations
 + Level 7.5 Evocations


You had 5 spell levels left.
You knew the following spells:

 Your Spells              Type           Power      Damage    Failure   Level
a - Blink                 Tloc           0%         N/A       100%        2
b - Swiftness             Air            0%         N/A       100%        3

Your spell library contained the following spells:

 Spells                   Type           Power      Damage    Failure   Level
 Ensorcelled Hibernation  Hex/Ice        0%         N/A       100%        2
 Lesser Beckoning         Tloc           0%         N/A       100%        2
 Momentum Strike          Conj/Tloc      0%         3d8       100%        2
 Fugue of the Fallen      Necr           0%         N/A       100%        3
 Hailstorm                Conj/Ice       0%         3d5       100%        3
 Passwall                 Erth           0%         N/A       100%        3
 Summon Ice Beast         Ice/Summ       0%         N/A       100%        3
 Anguish                  Hex/Necr       0%         N/A       100%        4
 Leda's Liquefaction      Alch/Erth      0%         N/A       100%        4
 Lee's Rapid Deconstruct  Erth           0%         3d4*      100%        5
 Bombard                  Conj/Erth      0%         9d1       100%        6
 Sculpt Simulacrum        Ice/Alch       0%         N/A       100%        6


Dungeon Overview and Level Annotations

Branches:
Dungeon (11/15)            Temple (1/1) D:4            Lair (0/5) D:9
    Orc: D:9-12

Altars:
Ashenzari
Cheibriados
Dithmenos
Elyvilon
Fedhas
Gozag
Hepliaklqana
Kikubaaqudgha
Makhleb
Nemelex Xobeh
Okawaru
Qazlal
Ru
Sif Muna
Trog
Uskayaw
Vehumet
Wu Jian
Xom
Yredelemnul
Zin
The Shining One

Shops:
D:3 :   D:6 *


Innate Abilities, Weirdness & Mutations

You are immune to sickness and miasma.
Your stone body is resilient. (AC +8)
You are immune to poison.
You resist negative energy. (rN+)
You are resistant to electric shocks. (rElec)
You are resistant to unholy torment.
You are immune to petrification.


Message History

The boulder beetle leaps!
You block the boulder beetle's attack.
You hit the boulder beetle.
The boulder beetle is moderately wounded.
The boulder beetle bites you.
You are too injured to fight recklessly!
You are too injured to fight recklessly!
You are too injured to fight recklessly!
You are too injured to fight recklessly!
You are too injured to fight recklessly!
You are too injured to fight recklessly!
You are too injured to fight recklessly!
You are too injured to fight recklessly!
You are too injured to fight recklessly!
You are too injured to fight recklessly!
You are too injured to fight recklessly!
You are too injured to fight recklessly!
You are too injured to fight recklessly!
You are too injured to fight recklessly!
You are too injured to fight recklessly!
You are too injured to fight recklessly!
You are too injured to fight recklessly!
You are too injured to fight recklessly!
You are too injured to fight recklessly!
You are too injured to fight recklessly!
You are too injured to fight recklessly!
You are too injured to fight recklessly!
Unknown command.
You completely miss the boulder beetle.
The boulder beetle is moderately wounded.
The boulder beetle bites you but does no damage.
You hit the boulder beetle but do no damage.
The boulder beetle is moderately wounded.
The boulder beetle bites you!
You hit the boulder beetle but do no damage.
The boulder beetle is moderately wounded.
The boulder beetle bites you!
* * * LOW HITPOINT WARNING * * *
The boulder beetle bites you!
You die...

..# ###+##.# #....#.#
#....#.# +....'.######
#######...##......#
#.........#.......#
#.........#.B.....#
#.........#.@.....# ..
#...).....#.......# >..
#.........#.......#
....#.........#.......#
....#.........#.......#
....####......#.......#
.......#......#.......#
......<'......#.......#
.......#......#.......#


You could see a boulder beetle.

Vanquished Creatures
  Fannar (D:10)
  3 two-headed ogres
  Joseph (D:9)
  2 gargoyles
  A troll (D:6)
  Grinder (D:4)
  2 hornets
  Sigmund (D:5)
  4 shadows
  A vampire (D:11)
  A wyvern (D:10)
  4 water elementals (D:10)
  9 yaks
  2 acid dragons
  3 orc warriors
  3 ice beasts
  A sky beast (D:4)
  A black bear (D:7)
  A centaur (D:8)
  3 kobold brigands
  Blork the orc (D:4)
  A scorpion (D:6)
  4 bullfrogs
  A gnoll sergeant (D:8)
  9 wights
  12 killer bees
  An electric eel (D:6)
  2 howler monkeys
  2 bombardier beetles
  6 hounds
  4 orc priests
  Crazy Yiuf (D:2)
  5 sleepcaps
  2 iguanas
  Natasha (thrice) (D:2)
  12 orc wizards
  3 gnolls (D:8)
  7 adders
  2 shadow imps
  A white imp (D:7)
  3 dart slugs
  A ribbon worm (D:3)
  33 orcs
  6 endoplasms
  2 giant cockroaches
  8 goblins
  4 hobgoblins
  4 jackals (D:3)
  15 kobolds
  2 quokkas (D:2)
  4 ball pythons
  3 bats (D:2)
  A frilled lizard (D:1)
  2 rats (D:2)
212 creatures vanquished.

Notes
Turn   | Place    | Note
-------+----------+-------------------------------------------
     0 | D:1      | Gadfly the Gargoyle Fighter began the quest for the Orb.
     0 | D:1      | Reached XP level 1. HP: 14/14 MP: 1/1
   396 | D:1      | Reached XP level 2. HP: 15/19 MP: 2/2
   663 | D:2      | You fall into a shaft and drop 1 floor!
   672 | D:2      | Found an ancient bone altar of Kikubaaqudgha.
   697 | D:2      | Reached skill level 1 in Invocations
   737 | D:2      | Reached XP level 3. HP: 22/23 MP: 3/3
   841 | D:2      | Reached skill level 1 in Evocations
  1133 | D:2      | Noticed Natasha
  1164 | D:2      | Killed Natasha
  1165 | D:2      | Reached XP level 4. HP: 3/28 MP: 5/5
  1548 | D:2      | Noticed Natasha
  1557 | D:2      | Killed Natasha
  1590 | D:2      | Found a runed translucent door.
  1591 | D:2      | Noticed Crazy Yiuf
  1655 | D:2      | Noticed Natasha
  1663 | D:2      | Killed Natasha
  1664 | D:2      | Reached XP level 5. HP: 33/33 MP: 6/6
  1709 | D:2      | Killed Crazy Yiuf
  1720 | D:2      | Identified the +1 hammer of Lipuud {drain, rPois Int+3}
  1849 | D:3      | Found Yduc's Vocational Training.
  2310 | D:3      | Reached XP level 6. HP: 38/38 MP: 7/7
  2581 | D:4      | Found a staircase to the Ecumenical Temple.
  2590 | Temple   | Entered the Ecumenical Temple
  2598 | Temple   | Became a worshipper of the Shining One
  2941 | D:4      | Noticed Blork the orc
  2952 | D:4      | Killed Blork the orc
  3091 | D:4      | Reached XP level 7. HP: 37/43 MP: 9/9
  3159 | D:4      | Noticed Grinder
  3160 | D:4      | Paralysed by Grinder for 4 turns
  3177 | D:4      | Killed Grinder
  3692 | D:5      | Entered Level 5 of the Dungeon
  3839 | D:5      | Reached XP level 8. HP: 48/48 MP: 11/11
  4103 | D:5      | Noticed Sigmund
  4111 | D:5      | Killed Sigmund
  4258 | D:6      | Reached skill level 5 in Fighting
  4258 | D:6      | Reached skill level 5 in Armour
  4478 | D:6      | Found Mehog's Neck Hole.
  4507 | D:6      | Reached skill level 5 in Maces & Flails
  4507 | D:6      | Reached skill level 5 in Shields
  4640 | D:6      | Reached skill level 5 in Invocations
  4757 | D:6      | Noticed a troll
  4773 | D:6      | Killed a troll
  4796 | D:6      | Reached XP level 9. HP: 17/54 MP: 13/13
  6128 | D:7      | Found an ancient bone altar of Kikubaaqudgha.
  6129 | D:7      | Found a stormy altar of Qazlal.
  6292 | D:7      | Reached * piety under the Shining One
  6551 | D:7      | Identified a scroll of acquirement
  6551 | D:7      | Acquired 430 gold pieces
  6558 | D:7      | Learned a level 2 spell: Blink
  6629 | D:6      | Bought an amulet of faith for 480 gold pieces
  6678 | D:8      | Reached skill level 5 in Evocations
  7148 | D:8      | Reached ** piety under the Shining One
  7181 | D:8      | Reached XP level 10. HP: 48/60 MP: 15/15
  7777 | D:9      | Noticed Joseph
  7809 | D:9      | Killed Joseph
  8257 | D:9      | Learned a level 3 spell: Swiftness
  8319 | D:9      | Found a staircase to the Lair.
  8494 | D:10     | Entered Level 10 of the Dungeon
  8615 | D:10     | Noticed a two-headed ogre
  8627 | D:10     | Killed a two-headed ogre
  8734 | D:10     | Noticed a two-headed ogre
  8778 | D:9      | Killed a two-headed ogre
  8954 | D:9      | Reached XP level 11. HP: 47/67 MP: 17/17
  9502 | D:10     | Noticed Fannar
  9528 | D:10     | Killed Fannar
 10182 | D:11     | Reached *** piety under the Shining One
 10397 | D:11     | Noticed a two-headed ogre
 10409 | D:11     | Killed a two-headed ogre
 10525 | D:11     | Noticed a boulder beetle
 10537 | D:11     | Slain by a boulder beetle

Illustrated notes

Levels and vault maps discovered:
D:1:      ncdulo_watergridlock, layout_basic, nicolae_the_louvre
D:2:      layout_basic, basic_altar, kennysheep_generic_room_6, uniq_natasha,
          uniq_crazy_yiuf_cottage
D:3:      layout_basic, nicolae_shop_vocational
D:4:      layout_cave_pods, minmay_temple_entry_gardened_gates,
          uniq_blork_the_orc, uniq_grinder
D:5:      layout_gridville, hangedman_decor_points,
          minmay_misc_feat_secret_circle, uniq_sigmund
D:6:      kennysheep_big_flooded_room, layout_layer_cave,
          nicolae_shop_sticking_my_neck_out
D:7:      layout_basic, minitemple
D:8:      layout_cave_pools, minmay_statues_item, hangedman_decor_push
D:9:      layout_cave_pools, dpeg_oklobed_lair, uniq_joseph
D:10:     layout_stronghold, nicolae_underground_beach, uniq_fannar
D:11:     layout_irregular_city
Temple:   nicolae_temple_bog_church

Skill      XL: |  1  2  3  4  5  6  7  8  9 10 11 |
---------------+----------------------------------+-----
Invocations    | 1 2 3 4 5 6 8 9 |  9.1
Evocations     | 1 2 3 4 5 6 7 |  7.5
Maces & Flails | 3 4 5 6 7 9 |  9.1
Fighting       | 4 5 6 7 |  7.8
Armour         | 4 5 6 7 |  7.6
Shields        | 4 5 6 7 |  7.6

Action                     |  1- 3 |  4- 6 |  7- 9 | 10-12 || total
---------------------------+-------+-------+-------+-------++-------
  Melee: Flail             |   115 |    68 |   332 |   385 ||   900
         Mace              |       |    31 |       |       ||    31
         Dagger            |       |    21 |     2 |       ||    23
 Invoke: Divine Shield     |       |       |       |     1 ||     1
  Evoke: Wand              |       |       |       |     5 ||     5
    Use: Scroll            |     2 |     5 |     8 |     2 ||    17
         Potion            |       |     2 |     1 |     1 ||     4
 Armour: Scale mail        |    62 |       |       |       ||    62
         Plate armour      |    73 |    87 |   309 |   445 ||   914
         Skin              |       |       |    42 |       ||    42
  Dodge: Dodged            |    44 |    16 |    77 |    97 ||   234
  Block: Buckler           |    33 |    13 |    54 |       ||   100
         Kite shield       |       |       |    98 |   303 ||   401
